 Dungeon Crawl Stone Soup version 0.30-a0-1163-gf69bf04e7a (webtiles) character file.

Game seed: 1578807414004018809

62 Nedwor the Cutter (level 3, 0/28 HPs)
             Began as a Demonspawn Gladiator on Apr 28, 2023.
             Slain by an orc
             ... wielding a +0 hand axe
              (5 damage)
             ... on level 3 of the Dungeon.
             The game lasted 00:01:43 (1717 turns).

Nedwor the Cutter (Demonspawn Gladiator)            Turns: 1717, Time: 00:01:44

Health: 0/28       AC:  7    Str: 16    XL:     3   Next: 85%
Magic:  3/3        EV: 11    Int:  9    God:
Gold:   119        SH:  0    Dex: 14    Spells: 2/2 levels left

rFire   . . .        a - +0 rapier
rCold   . . .        (no shield)
rNeg    . . .        k - +0 ring mail
rPois   .            c - +1 helmet
rElec   .            (no cloak)
rCorr   .            (no gloves)
SInv    .            (no boots)
Will    .....        (no amulet)
Stlth   +            (no ring)
HPRegen 0.24/turn    (no ring)
MPRegen 0.08/turn

%: no passive effects
@: no status effects
A: weakness stinger 1
a: no special abilities


You were on level 3 of the Dungeon.
You visited 1 branch of the dungeon, and saw 3 of its levels.

You collected 119 gold pieces.

Inventory:

Hand Weapons
 a - a +0 rapier (weapon)
Missiles
 d - 3 throwing nets (quivered)
 e - a javelin
Armour
 c - a +1 helmet (worn)
 k - a +0 ring mail (worn)
Jewellery
 i - a ring of positive energy
Wands
 m - a wand of mindburst (19)
Scrolls
 b - a scroll of teleportation {unknown}
 f - a scroll of identify {unknown}
 j - a scroll of vulnerability {unknown}
 o - a scroll of amnesia {unknown}
Potions
 g - 3 potions of curing {unknown}
 h - a potion of heal wounds {unknown}
 l - a potion of lignification {unknown}
 n - a potion of brilliance {unknown}


   Skills:
 + Level 2.5 Fighting
 * Level 3.5 Short Blades
 - Level 1.7 Throwing
 + Level 1.1 Armour
 + Level 3.1 Dodging


You had 2 spell levels left.
You didn't know any spells.
Your spell library contained the following spells:

 Spells                   Type           Power      Damage    Failure   Level
 Apportation              Tloc           0%         N/A       61%         1
 Necrotise                Necr           0%         1d4       61%         1
 Summon Small Mammal      Summ           0%         N/A       61%         1
 Call Canine Familiar     Summ           0%         N/A       93%         3
 Ozocubu's Armour         Ice            0%         N/A       93%         3
 Summon Guardian Golem    Hex/Summ       0%         N/A       93%         3
 Vampiric Draining        Necr           0%         2d6       93%         3
 Agony                    Necr           0%         N/A       100%        5
 Alistair's Intoxication  Tmut/Pois      0%         N/A       100%        5
 Metabolic Englaciation   Hex/Ice        0%         N/A       100%        5
 Simulacrum               Ice/Necr       0%         N/A       100%        6


Dungeon Overview and Level Annotations

Branches:
Dungeon (3/15)

Altars:

Shops:
D:1 :


Innate Abilities, Weirdness & Mutations

You have a small tail.


Message History

You hit the hobgoblin.
The hobgoblin is heavily wounded.
The hobgoblin closely misses you.
You closely miss the hobgoblin.
The hobgoblin is heavily wounded.
An orc priest comes into view. It is wielding a +0 mace.
An orc comes into view. It is wielding a +0 club.
The orc barely misses you. The hobgoblin completely misses you.
The orc shouts!
You hit the hobgoblin.
The hobgoblin is almost dead.
The orc closely misses you.
The hobgoblin hits you but does no damage.
You closely miss the hobgoblin.
The hobgoblin is almost dead.
The orc hits you with a +0 hand axe. The hobgoblin barely misses you.
The orc closely misses you.
You hit the hobgoblin.
You kill the hobgoblin!
The orc hits you with a +0 hand axe. The orc closely misses you.
You barely miss the orc.
The orc priest calls down the wrath of Beogh upon you.
Beogh smites you!
* * * LOW HITPOINT WARNING * * *
The orc misses you. The orc barely misses you.
You are too injured to fight recklessly!
You are too injured to fight recklessly!
You are too injured to fight recklessly!
You are too injured to fight recklessly!
You are too injured to fight recklessly!
You are too injured to fight recklessly!
You are too injured to fight recklessly!
You are too injured to fight recklessly!
You are too injured to fight recklessly!
You are too injured to fight recklessly!
You are too injured to fight recklessly!
You are too injured to fight recklessly!
You are too injured to fight recklessly!
The orc attacks as you move away! The orc hits you with a +0 hand axe.
You die...

#...# #...# #...#
#..o# #.o.#
#####..o#
......o.# #@# #.#
# #.. #.# # #..#
#.# # #..# #.# #
#..###.#
###########...##.#
##............##.#
##.###...........#


You could see an orc priest and 3 orcs.

Vanquished Creatures
  2 adders (D:2)
  2 dart slugs
  A worm (D:2)
  A ball python (D:2)
  An endoplasm (D:2)
  3 giant cockroaches
  4 goblins (D:1)
  4 hobgoblins
  A quokka (D:2)
  6 bats
  3 frilled lizards
  5 kobolds (D:1)
  4 rats
37 creatures vanquished.

Vanquished Creatures (others)
  2 plants (D:1)
2 creatures vanquished.

Grand Total: 39 creatures vanquished

Notes
Turn   | Place    | Note
-------+----------+-------------------------------------------
     0 | D:1      | Nedwor the Demonspawn Gladiator began the quest for the
                  | Orb.
     0 | D:1      | Reached XP level 1. HP: 16/16 MP: 1/1
    34 | D:1      | Found Dafuacui's Book Shoppe.
   170 | D:1      | Gained mutation: You have a small tail. [demonic ancestry]
   170 | D:1      | Reached XP level 2. HP: 17/22 MP: 2/2
   270 | D:1      | Found a faded altar of an unknown god.
   948 | D:2      | Reached skill level 1 in Armour
   948 | D:2      | Reached XP level 3. HP: 25/28 MP: 3/3
  1717 | D:3      | Slain by an orc

Illustrated notes

Levels and vault maps discovered:
D:1:      grunt_arrival_crossed_arrows, layout_basic,
          shapermc_ecumenical_altar_mp_urbaneastern, serial_shops,
          nicolae_shop_waterfront, minmay_misc_feat_columns, minivault_23
D:2:      layout_basic, serial_glass, glass_columns_c, glass_columns_b,
          item_on_display_a, mrwooster_statue_mirror, nicolae_titane
D:3:      layout_loops_ring, serial_bayou, serial_bayou_lagoon_a,
          serial_bayou_pond_c, serial_bayou_pond_d, serial_bayou_pond_d

Skill      XL: |  1  2 |
---------------+-------+-----
Short Blades   | 3 |  3.5
Armour         | 1 |  1.1
Dodging        | 3 |  3.1
Fighting       | |  2.5
Throwing       | |  1.7

Action                     || total
---------------------------++-------
  Melee: Rapier            ||   145
         Tailslap          ||     9
         Punch             ||     1
    Use: Scroll            ||     2
 Armour: Leather armour    ||    21
         Ring mail         ||    43
  Dodge: Dodged            ||   105

Table legend: (Time is in decaauts)
 A = Elapsed time spent in this place.
 B = Non-inter-level travel time spent in this place.
 C = Inter-level travel time spent in this place.
 D = Time resting spent in this place.
 E = Time spent auto-exploring this place.
 F = Levels seen in this place.
 G = Mean time per level.
                   A        B        C        D        E       F      G
               +--------+--------+--------+--------+--------+-----+--------+
         Total |   1723 |   1656 |     67 |      0 |   1357 |   3 |  574.3 |
       Dungeon |   1723 |   1656 |     67 |      0 |   1357 |   3 |  574.3 |
               +--------+--------+--------+--------+--------+-----+--------+

Top non-repeatable levels by time:
     D:1: 863 daAuts
     D:2: 804 daAuts
     D:3: 56 daAuts
